[Event "EUSA-ch Open 2019"]
[Site "Budapest"]
[Date "2019.07.26"]
[Round "8.3"]
[White "Shevchenko, Kirill"]
[Black "Daskalov, Dimitar"]
[Result "1-0"]
[ECO "A52"]
[WhiteElo "2536"]
[BlackElo "2305"]
[Annotator "ChessBase"]
[PlyCount "117"]
[EventDate "2019.07.23"]
[EventType "team-tourn"]
[EventCountry "HUN"]
[SourceTitle "playchess.com"]
[Source "ChessBase"]
[SourceQuality "1"]
[TimeControl "1500+10"]

1. d4 Nf6 2. c4 e5 3. dxe5 Ng4 4. Bf4 Bb4+ 5. Nd2 Nc6 6. Ngf3 Qe7 7. e3 Ngxe5 8. Nxe5 Nxe5 9. a3 Bxd2+ 10. Qxd2 d6 11. Be2 O-O 12. O-O a5 13. Rac1 b6 14. b4 axb4 15. axb4 Bb7 16. c5 dxc5 17. bxc5 Ng6 18. Bg3 bxc5 19. Qc2 Ra5 20. Rfd1 Rfa8 21. h3 Nf8 22. Bc4 Be4 23. Qc3 Bc6 24. Qe5 Qxe5 25. Bxe5 Ne6 26. Bxe6 fxe6 27. Bxc7 Rb5 28. Rd6 Bd5 29. f3 Rc8 30. Rd7 Bc6 31. Re7 Rb7 32. Bd6 Rxe7 33. Bxe7 Kf7 34. Bxc5 Be8 35. Kf2 e5 36. e4 Ke6 37. h4 Bb5 38. g3 g6 39. Ke3 Rc7 40. Rc3 Rc8 41. Kd2 Bf1 42. Ke1 Bb5 43. Kd2 Bf1 44. Rc2 Bb5 45. Rc1 Bd7 46. Rc3 Bb5 47. Kc2 Be2 48. f4 Ba6 49. Kd2 Bb7 50. Ke3 Ba8 51. fxe5 h5 52. Kf4 Rc7 53. Ra3 Rf7+ 54. Ke3 Bb7 55. Rb3 Kxe5 56. Rb6 Bxe4 57. Bd4+ Kf5 58. Rb5+ Kg4 59. Rg5+ 1-0

[Event "EUSA-ch Open 2019"]
[Site "Budapest"]
[Date "2019.07.26"]
[Round "8.4"]
[White "Otegenov, Sultan"]
[Black "Golubka, Petro"]
[Result "0-1"]
[ECO "B11"]
[WhiteElo "2136"]
[BlackElo "2483"]
[Annotator "ChessBase"]
[PlyCount "78"]
[EventDate "2019.07.23"]
[EventType "team-tourn"]
[EventCountry "HUN"]
[SourceTitle "playchess.com"]
[Source "ChessBase"]
[SourceQuality "1"]
[TimeControl "1500+10"]

1. e4 c6 2. Nf3 d5 3. Nc3 Bg4 4. h3 Bxf3 5. Qxf3 e6 6. a3 Nd7 7. d3 Bd6 8. g3 Ngf6 9. Bg2 Qc7 10. O-O a6 11. Re1 dxe4 12. Nxe4 Nxe4 13. dxe4 O-O 14. Rd1 Ne5 15. Qe2 Rfd8 16. Be3 Qe7 17. Bb6 Bc7 18. Bd4 Rd7 19. Bc3 Rad8 20. Kh2 Ng6 21. f4 Nf8 22. Qg4 e5 23. Bb4 c5 24. Bc3 Ne6 25. Rxd7 Qxd7 26. fxe5 Qe7 27. Rd1 Rxd1 28. Qxd1 Nd4 29. Bxd4 cxd4 30. Qxd4 Bxe5 31. Qc4 h5 32. Bf1 h4 33. Kg2 hxg3 34. Qc8+ Kh7 35. Bc4 g6 36. c3 Qf6 37. Qc5 Qf4 38. Bd5 Qd2+ 39. Kf3 Qd1+ 0-1

[Event "EUSA-ch Open 2019"]
[Site "Budapest"]
[Date "2019.07.26"]
[Round "8.5"]
[White "Deaconu, Mihai-Ionut"]
[Black "Harutyunian, Tigran K."]
[Result "0-1"]
[ECO "E09"]
[WhiteElo "1957"]
[BlackElo "2539"]
[Annotator "ChessBase"]
[PlyCount "90"]
[EventDate "2019.07.23"]
[EventType "team-tourn"]
[EventCountry "HUN"]
[SourceTitle "playchess.com"]
[Source "ChessBase"]
[SourceQuality "1"]
[TimeControl "1500+10"]

1. d4 Nf6 2. Nf3 e6 3. c4 d5 4. g3 Be7 5. Bg2 O-O 6. O-O Nbd7 7. Qc2 c6 8. Nbd2 b6 9. Re1 Bb7 10. e4 dxc4 11. Nxc4 c5 12. dxc5 Nxc5 13. e5 Nd5 14. a3 Rc8 15. b4 Nd7 16. Qb3 Qc7 17. Ncd2 Nc3 18. Bb2 Bd5 19. Qxc3 Qxc3 20. Bxc3 Rxc3 21. Ne4 Rc2 22. Bf1 f5 23. Ned2 a5 24. Bb5 Rd8 25. Ba4 Rc3 26. Nd4 axb4 27. axb4 Bxb4 28. Reb1 Bc5 29. Bxd7 Bxd4 30. Ba4 Rd3 31. Nb3 Bxb3 32. Bxb3 Rxb3 33. Rxb3 Bxa1 34. Rxb6 Bxe5 35. Rxe6 Bf6 36. h4 Kf7 37. Ra6 Rd2 38. Ra5 f4 39. Rf5 fxg3 40. fxg3 Ke6 41. Rf3 Ke5 42. h5 h6 43. Kf1 Ke4 44. Ra3 Rd3 45. Ra4+ Kf3 0-1

[Event "EUSA-ch Open 2019"]
[Site "Budapest"]
[Date "2019.07.26"]
[Round "8.6"]
[White "Petrosyan, Tigran S."]
[Black "Stamatopoulos, Apostolos"]
[Result "1-0"]
[ECO "A05"]
[WhiteElo "2448"]
[BlackElo "1782"]
[Annotator "NA RC"]
[PlyCount "138"]
[EventDate "2019.07.23"]
[EventType "team-tourn"]
[EventCountry "HUN"]
[SourceTitle "playchess.com"]
[Source "ChessBase"]
[SourceQuality "1"]
[TimeControl "1500+10"]

1. Nf3 Nf6 2. c4 e6 3. Nc3 c5 4. g3 Nc6 5. Bg2 Be7 6. O-O O-O 7. d4 cxd4 8. Nxd4 Qb6 9. Nb3 d6 10. Be3 Qc7 11. Rc1 Ng4 12. Bf4 a6 13. Nd5 exd5 14. cxd5 Nge5 15. Bxe5 dxe5 16. dxc6 b6 17. Qc2 Be6 18. Rfd1 Rfd8 19. Rd3 f5 20. e4 g6 21. Bh3 Bg5 22. Rcd1 Rxd3 23. Rxd3 Kg7 24. Rd1 Rc8 25. exf5 gxf5 26. Bxf5 Qxc6 27. Qxc6 Rxc6 28. Bxe6 Rxe6 29. Rd7+ Kg6 30. Nd2 Bxd2 31. Rxd2 Rc6 32. Kg2 Kf5 33. Kf3 h5 34. Ke3 h4 35. f3 hxg3 36. hxg3 a5 37. Rh2 Rg6 38. Rh5+ Ke6 39. Ke4 Rxg3 40. Rxe5+ Kd6 41. Rb5 Kc6 42. a4 Rg6 43. f4 Kd7 44. b3 Ke7 45. Rh5 Rg3 46. Rb5 Rg6 47. Re5+ Kf7 48. Rf5+ Ke7 49. Rg5 Rh6 50. Kd4 Rh3 51. Kc4 Rf3 52. Re5+ Kd6 53. Re4 Kc6 54. Re6+ Kc7 55. Rf6 Kb7 56. Rf8 Kc6 57. Rf7 Kd6 58. Rf6+ Kc7 59. f5 Rf4+ 60. Kd5 Rb4 61. Rf7+ Kc8 62. Kd6 Rxb3 63. Rf8+ Kb7 64. f6 b5 65. Re8 Rf3 66. Ke7 bxa4 67. f7 Re3+ 68. Kd6 Rd3+ 69. Kc5 Rc3+ 1-0

[Event "EUSA-ch Open 2019"]
[Site "Budapest"]
[Date "2019.07.28"]
[Round "9.1"]
[White "Kalogeris, Ioannis"]
[Black "Chigaev, Maksim"]
[Result "1-0"]
[ECO "A49"]
[WhiteElo "2376"]
[BlackElo "2640"]
[Annotator "RC"]
[PlyCount "95"]
[EventDate "2019.07.23"]
[EventType "team-tourn"]
[EventCountry "HUN"]
[SourceTitle "playchess.com"]
[Source "ChessBase"]
[SourceQuality "1"]
[TimeControl "1500+10"]

1. d4 Nf6 2. Nf3 g6 3. g3 Bg7 4. Bg2 O-O 5. O-O d6 6. a4 Na6 7. Re1 c5 8. d5 Nc7 9. e4 Bg4 10. h3 Bxf3 11. Qxf3 Nd7 12. Qb3 Rb8 13. Na3 b6 14. f4 a6 15. Nc4 Nf6 16. Be3 Nd7 17. c3 Kh8 18. Bf2 f6 19. h4 Qe8 20. Qd1 Qf7 21. h5 g5 22. Bh3 Qe8 23. Qf3 Bh6 24. Ne3 Rg8 25. Nf5 Bf8 26. Kh2 b5 27. a5 b4 28. c4 Qf7 29. Rad1 b3 30. Rd3 Rb4 31. Rc3 h6 32. Ne3 Qe8 33. Bf5 Bg7 34. Bg6 Qd8 35. Nf5 Nf8 36. Bf7 Nd7 37. Bxg8 Kxg8 38. Ra1 Bf8 39. Ra3 Ne8 40. Qd3 Kh8 41. Rcxb3 Ng7 42. e5 Qe8 43. e6 Qxh5+ 44. Kg2 Nb8 45. Rxb4 cxb4 46. Rb3 gxf4 47. Nxg7 Kxg7 48. Rxb4 1-0

[Event "EUSA-ch Open 2019"]
[Site "Budapest"]
[Date "2019.07.28"]
[Round "9.3"]
[White "Egri, Laszlo Jr."]
[Black "Shevchenko, Kirill"]
[Result "1/2-1/2"]
[ECO "E67"]
[WhiteElo "2254"]
[BlackElo "2536"]
[Annotator "ChessBase"]
[PlyCount "142"]
[EventDate "2019.07.23"]
[EventType "team-tourn"]
[EventCountry "HUN"]
[SourceTitle "playchess.com"]
[Source "ChessBase"]
[SourceQuality "1"]
[TimeControl "1500+10"]

1. Nf3 Nf6 2. c4 g6 3. g3 Bg7 4. Bg2 O-O 5. O-O d6 6. d4 Nbd7 7. Nc3 e5 8. h3 Re8 9. e4 c6 10. Re1 exd4 11. Nxd4 Qb6 12. Nb3 Ne5 13. c5 dxc5 14. Be3 Be6 15. Na4 Qc7 16. Naxc5 Rad8 17. Nxe6 Rxe6 18. Qc2 Nd3 19. Red1 Red6 20. Bd4 Nh5 21. Rxd3 Bxd4 22. Nxd4 Rxd4 23. Rad1 Qb6 24. Rxd4 Rxd4 25. Rxd4 Qxd4 26. Kh2 g5 27. Qe2 Ng7 28. e5 Ne6 29. Be4 h6 30. Bf5 Ng7 31. Bd3 Kf8 32. Bc4 Ke7 33. Bb3 Ne6 34. Kg1 Nd8 35. Qh5 Qxb2 36. e6 Qb1+ 37. Kh2 Qf5 38. Qxh6 Qxf2+ 39. Kh1 Qf1+ 40. Kh2 Qf2+ 41. Kh1 Qxg3 42. exf7 Nxf7 43. Qe6+ Kd8 44. Qxf7 Qxh3+ 45. Kg1 Qd7 46. Qg8+ Kc7 47. Qxg5 Qd4+ 48. Kf1 b5 49. Qg3+ Kb7 50. Ke2 a5 51. Qd3 Qb2+ 52. Qd2 Qe5+ 53. Qe3 Qb2+ 54. Qd2 Qe5+ 55. Qe3 Qh2+ 56. Qf2 Qd6 57. Qf7+ Ka6 58. Qe6 Qc7 59. Bd5 Kb6 60. Bf3 a4 61. Kd3 b4 62. Kc2 Qh2+ 63. Kd3 Qc7 64. Kc2 Kb5 65. Be2+ Kb6 66. Bf3 Kb7 67. Qc4 Qh2+ 68. Kd3 Qd6+ 69. Kc2 Kb6 70. Be2 Qg6+ 71. Qd3 b3+ 1/2-1/2

[Event "EUSA-ch Open 2019"]
[Site "Budapest"]
[Date "2019.07.28"]
[Round "9.4"]
[White "Golubka, Petro"]
[Black "Voros, Gellert"]
[Result "1-0"]
[ECO "A21"]
[WhiteElo "2483"]
[BlackElo "2164"]
[Annotator "ChessBase"]
[PlyCount "93"]
[EventDate "2019.07.23"]
[EventType "team-tourn"]
[EventCountry "HUN"]
[SourceTitle "playchess.com"]
[Source "ChessBase"]
[SourceQuality "1"]
[TimeControl "1500+10"]

1. d4 d5 2. c4 c6 3. Nc3 e5 4. dxe5 d4 5. Nb1 Qa5+ 6. Bd2 Qxe5 7. Nf3 Qd6 8. g3 Be6 9. Bf4 Qb4+ 10. Nbd2 c5 11. Bg2 Nc6 12. O-O Nf6 13. a3 Qb6 14. Ng5 Bf5 15. Nge4 Nxe4 16. Nxe4 Rd8 17. Qa4 Be7 18. Qb5 O-O 19. Qxb6 axb6 20. Bc7 Rc8 21. Bxb6 Ne5 22. b3 Be6 23. a4 Nd7 24. a5 Nxb6 25. axb6 f5 26. Nd2 Bd8 27. Bxb7 Rb8 28. Bd5 Rxb6 29. Bxe6+ Rxe6 30. Rfe1 f4 31. Ra8 fxg3 32. hxg3 Bg5 33. Rxf8+ Kxf8 34. Nf3 Be7 35. Kf1 Rb6 36. Rb1 Rh6 37. Kg2 Re6 38. Rb2 Bf6 39. Ra2 Kf7 40. Ne1 Rb6 41. Ra3 Be7 42. Nd3 Bd6 43. Ra7+ Kf6 44. b4 Bb8 45. bxc5 Bxa7 46. cxb6 Bxb6 47. Kf3 1-0

[Event "EUSA-ch Open 2019"]
[Site "Budapest"]
[Date "2019.07.28"]
[Round "9.5"]
[White "Harutyunian, Tigran K."]
[Black "Smolka, Marcin"]
[Result "1-0"]
[ECO "A04"]
[WhiteElo "2539"]
[BlackElo "2178"]
[Annotator "ChessBase"]
[PlyCount "57"]
[EventDate "2019.07.23"]
[EventType "team-tourn"]
[EventCountry "HUN"]
[SourceTitle "playchess.com"]
[Source "ChessBase"]
[SourceQuality "1"]
[TimeControl "1500+10"]

1. Nf3 c5 2. c4 Nc6 3. Nc3 e5 4. e3 d6 5. d4 g6 6. dxc5 dxc5 7. Qxd8+ Kxd8 8. Be2 f6 9. O-O Ke7 10. b3 Kf7 11. Bb2 Be6 12. Rad1 Rc8 13. Nd2 Nh6 14. Nde4 Be7 15. Nd5 b6 16. f4 Bf5 17. Nec3 Rhd8 18. fxe5 Nxe5 19. Nxe7 Rxd1 20. Bxd1 Kxe7 21. Nd5+ Kd6 22. e4 Bg4 23. Bxg4 Nhxg4 24. h3 Nd3 25. hxg4 Nxb2 26. Rb1 Re8 27. Rxb2 Rxe4 28. Nxf6 Rf4 29. Rf2 {[%emt 0:00:24] Kd5} 1-0

[Event "EUSA-ch Open 2019"]
[Site "Budapest"]
[Date "2019.07.28"]
[Round "9.6"]
[White "Popiol, Michal"]
[Black "Petrosyan, Tigran S."]
[Result "1/2-1/2"]
[ECO "D31"]
[WhiteElo "2187"]
[BlackElo "2448"]
[Annotator "NA"]
[PlyCount "151"]
[EventDate "2019.07.23"]
[EventType "team-tourn"]
[EventCountry "HUN"]
[SourceTitle "playchess.com"]
[Source "ChessBase"]
[SourceQuality "1"]
[TimeControl "1500+10"]

1. c4 e6 2. Nc3 d5 3. d4 Be7 4. cxd5 exd5 5. Bf4 c6 6. e3 Bf5 7. Be2 Nd7 8. Nf3 h6 9. Ne5 Ngf6 10. g4 Be6 11. h3 Nxe5 12. Bxe5 O-O 13. Bd3 Nd7 14. Bh2 c5 15. Bf5 cxd4 16. Qxd4 Bf6 17. Qd2 Bxf5 18. gxf5 Nb6 19. Rd1 Nc4 20. Qe2 Qa5 21. O-O Rad8 22. Nxd5 Rxd5 23. Qxc4 Rxd1 24. Rxd1 Qxf5 25. Kg2 Rc8 26. Qd5 Qxd5+ 27. Rxd5 Rc2 28. Be5 Bxe5 29. Rxe5 Rxb2 30. Re7 a6 31. a4 g6 32. Kg3 Kg7 33. Rc7 h5 34. h4 Rb4 35. f3 b5 36. axb5 axb5 37. e4 Kf6 38. Kf4 Rc4 39. Rb7 Rc5 40. Rb6+ Kg7 41. Rb7 Kf8 42. Rb8+ Ke7 43. Rb7+ Ke6 44. Rb6+ Kd7 45. Rb7+ Kc8 46. Rxf7 b4 47. Rf6 Rb5 48. Rxg6 b3 49. Rg1 b2 50. Rb1 Kd7 51. Ke3 Ke6 52. Kd4 Rb3 53. Kc4 Rxf3 54. Rxb2 Rf4 55. Kd4 Rxh4 56. Rb6+ Ke7 57. Ke5 Rg4 58. Rb7+ Kf8 59. Kf5 Rg7 60. Rb8+ Ke7 61. Rh8 Rf7+ 62. Ke5 Rg7 63. Rxh5 Rg6 64. Rh7+ Ke8 65. Kf5 Ra6 66. e5 Rb6 67. Ra7 Rc6 68. Ke4 Rb6 69. Kd5 Rh6 70. Ra8+ Ke7 71. Ra7+ Ke8 72. Rc7 Rg6 73. Ra7 Rh6 74. e6 Rh1 75. Kd6 Rd1+ 76. Ke5 1/2-1/2